 Dungeon Crawl Stone Soup version 0.31-a0-115-g4708a659fe (webtiles) character file.

Game seed: 1737830300471993824

1930528 MackTheKnife the Crack Shot (level 23, 126/126 HPs)
             Began as a Spriggan Hunter on May 29, 2023.
             Was an Elder of Hepliaklqana.
             Escaped with the Orb
             ... and 3 runes!
             The game lasted 01:57:10 (48217 turns).

MackTheKnife the Crack Shot (Spriggan Hunter)      Turns: 48217, Time: 01:57:11

Health: 126/126    AC: 14    Str: 10 (11) XL:     23   Next: 81%
Magic:  33/33      EV: 43    Int:  3      God:    Hepliaklqana [****..]
Gold:   2863       SH:  0    Dex: 29      Spells: 28/34 levels left

rFire   + . .        O - +6 orcbow (elec)
rCold   . . .        (shield currently unavailable)
rNeg    + + .        j - +4 troll leather armour of the Unbroken {rPois rC+ Regen+ Str+4}
rPois   +            L - +2 hat
rElec   +            F - +2 cloak
rCorr   .            (gloves unavailable)
SInv    +            (boots unavailable)
Will    +++++        S - amulet "Catsijet" {rElec Will+ Regen+}
Stlth   ++           g - ring of Quddax {rN++ Will+ Int-4}
HPRegen 2.01/turn    G - ring of fire
MPRegen 0.23/turn

%: no passive effects
@: studying Poison Magic, very quick
A: reduced essence, very small, no large weapons, unfitting armour, see
invisible, speed 3, dopey 2, noise suppression
0: Orb of Zot
}: 3/15 runes: barnacled, silver, gossamer
a: Renounce Religion, Recall Ancestor, Ancestor Identity, Transference, Idealise


You escaped.
You worshipped Hepliaklqana.
Hepliaklqana was greatly pleased with you.
You visited 9 branches of the dungeon, and saw 45 of its levels.
You also visited: Bailey, Ice Cave and Wizlab.

You collected 5012 gold pieces.
You spent 2149 gold pieces at shops.


Innate Abilities, Weirdness & Mutations

Your life essence is reduced to manifest your ancestor. (-10% HP)
You are very small and have problems with some larger weapons.
You are too small for most types of armour.
You have supernaturally acute eyesight. (SInv)
You cover ground extremely quickly. (Speed+++)
You are very dopey. (Int -4)
You passively dampen the noise of your surroundings.


   Skills:
 - Level 21.0 Fighting
 + Level 24.4 Ranged Weapons
 - Level 6.0 Armour
 - Level 21.0 Dodging
 - Level 14.1 Stealth
 - Level 6.1 Spellcasting
 - Level 6.7 Transmutations
 - Level 8.0 Invocations
 - Level 21.2 Evocations


You had 28 spell levels left.
You knew the following spells:

 Your Spells              Type           Power      Damage    Failure   Level
a - Wereblood             Tmut           4%         N/A       4%          2
b - Animate Dead          Necr           0%         N/A       99%         4

Your spell library contained the following spells:

 Spells                   Type           Power      Damage    Failure   Level
 Beastly Appendage        Tmut           8%         N/A       2%          1
 Sting                    Tmut/Pois      8%         1d3       11%         1
 Spider Form              Tmut/Pois      2%         N/A       32%         3
 Magic Dart               Conj           0%         1d3       38%         1
 Shock                    Conj/Air       0%         1d3       38%         1
 Summon Small Mammal      Summ           0%         N/A       38%         1
 Call Imp                 Summ           0%         N/A       54%         2
 Static Discharge         Conj/Air       0%         2-2/arc   54%         2
 Sublimation of Blood     Necr           0%         N/A       54%         2
 Ice Form                 Ice/Tmut       2%         N/A       71%         4
 Petrify                  Tmut/Erth      2%         N/A       71%         4
 Call Canine Familiar     Summ           0%         N/A       77%         3
 Dazzling Flash           Conj/Hex       0%         N/A       77%         3
 Frozen Ramparts          Ice            0%         1d1       77%         3
 Inner Flame              Hex/Fire       1%         N/A       77%         3
 Mephitic Cloud           Conj/Pois/Air  0%         N/A       77%         3
 Summon Guardian Golem    Hex/Summ       0%         N/A       77%         3
 Volatile Blastmotes      Fire/Tloc      2%         2d10      77%         3
 Alistair's Intoxication  Tmut/Pois      1%         N/A       96%         5
 Irradiate                Conj/Tmut      1%         3d12      96%         5
 Flame Wave               Conj/Fire      1%         2d4       99%         4
 Iskenderun's Mystic Bla  Conj/Tloc      0%         2d3       99%         4
 Sticky Flame             Conj/Fire      1%         2d3       99%         4
 Summon Ice Beast         Ice/Summ       0%         N/A       99%         4
 Borgnjor's Vile Clutch   Necr/Erth      0%         N/A       100%        5
 Fireball                 Conj/Fire      0%         3d3       100%        5
 Iskenderun's Battlesphe  Conj           0%         2d6       100%        5
 Summon Mana Viper        Hex/Summ       0%         N/A       100%        5
 Conjure Ball Lightning   Conj/Air       0%         3x3d6     100%        6
 Eringya's Noxious Bog    Tmut/Pois      1%         N/A       100%        6
 Starburst                Conj/Fire      0%         6d3       100%        6
 Haunt                    Necr/Summ      0%         N/A       100%        7
 Orb of Destruction       Conj           0%         9d5       100%        7
 Spellforged Servitor     Conj/Summ      0%         N/A       100%        7
 Ignition                 Fire           0%         3d3       100%        8
 Infestation              Necr           0%         N/A       100%        8

Inventory:

Hand Weapons
 O - a +6 orcbow of electrocution (weapon)
   (You took it off a centaur on level 9 of the Dungeon)
 Y - the +7 orcbow "Lunadud" {heavy, Will+}
   (You found it on level 5 of the Vaults)

   Will:      It increases your willpower.
Armour
 j - the +4 troll leather armour of the Unbroken (worn) {rPois rC+ Regen+ Str+4}
   (You bought it in a shop on level 7 of the Dungeon)

   Str:       It affects your strength (+4).
   rC:        It protects you from cold.
   rPois:     It protects you from poison.
   Regen:     It increases your rate of health regeneration.
 F - a +2 cloak (worn)
   (You found it on level 6 of the Dungeon)
 L - a +2 hat (worn)
   (You found it on level 1 of the Lair of Beasts)
Jewellery
 a - the ring "Huaxkuor" {Fly Int+3}
   (You found it on level 4 of the Shoals)

   [ring of flight]

   Int:       It affects your intelligence (+3).
   Fly:       It grants you flight.
 c - a ring of protection from cold
   (You found it on level 8 of the Dungeon)
 g - the ring of Quddax (left hand) {rN++ Will+ Int-4}
   (You acquired it on level 1 of the Spider Nest)

   [ring of willpower]

   Int:       It affects your intelligence (-4).
   rN:        It greatly protects you from negative energy.
   Will:      It increases your willpower.
 l - the ring "Coerue" {rC+ Int+6 Slay+3}
   (You took it off a vault warden on level 5 of the Vaults)

   [ring of intelligence]

   Int:       It affects your intelligence (+6).
   Slay:      It affects your accuracy & damage with ranged weapons and melee
   (+3).
   rC:        It protects you from cold.
 G - a ring of fire (right hand)
   (You found it on level 2 of the Shoals)
 S - the amulet "Catsijet" (around neck) {rElec Will+ Regen+}
   (You found it on level 4 of the Shoals)

   [amulet of regeneration]

   rElec:     It insulates you from electricity.
   Regen:     It increases your rate of health regeneration.
   Will:      It increases your willpower.
 W - a +4 ring of protection
   (You bought it in a shop on level 2 of the Orcish Mines)
Wands
 e - a wand of iceblast (24)
   (You found it on level 4 of the Dungeon)
 o - a wand of flame (59)
   (You found it on level 6 of the Dungeon)
 s - a wand of mindburst (33)
   (You found it on level 2 of the Spider Nest)
 B - a wand of light (30)
   (You found it on level 5 of the Dungeon)
 I - a wand of polymorph (24)
   (You found it on level 6 of the Dungeon)
 J - a wand of paralysis (45)
   (You took it off a kobold brigand on level 7 of the Dungeon)
 M - a wand of digging (6)
   (You found it on level 14 of the Dungeon)
Scrolls
 b - 2 scrolls of immolation {!r!r}
 d - 4 scrolls of enchant armour
 i - 15 scrolls of teleportation {@r4}
 p - 5 scrolls of fog
 r - a scroll of vulnerability {!r!r}
 t - 9 scrolls of poison {!r}
 y - 4 scrolls of blinking {!r}
 K - 7 scrolls of identify {@r1}
 P - 7 scrolls of amnesia
 Q - a scroll of torment {!r}
 V - a scroll of silence {!r}
Potions
 f - 8 potions of resistance
 h - 8 potions of magic
 k - a potion of might
 m - 6 potions of cancellation
 q - 11 potions of curing {@q1}
 v - 4 potions of heal wounds {@q2}
 w - 5 potions of attraction {!q}
 z - 4 potions of haste {@q3}
 A - 7 potions of ambrosia
 C - 4 potions of lignification {!q}
 D - 2 potions of berserk rage {!q}
 E - 8 potions of brilliance
 H - 3 potions of enlightenment
 Z - a potion of mutation {!q}
Miscellaneous
 n - a phantom mirror (inert)
   (You found it on level 4 of the Spider Nest)
 u - a phial of floods
   (You found it on level 2 of the Shoals)
 N - a tin of tremorstones (2/2) {throwing}
   (You found it on level 9 of the Dungeon)
 R - a box of beasts
   (You found it on level 5 of the Lair of Beasts)
 T - a lightning rod (4/4)
   (You found it on level 4 of the Spider Nest)
 U - a piece from Xom's chessboard (15/15)
   (You found it on level 1 of the Vaults)

Dungeon Overview and Level Annotations

Branches:
Dungeon (15/15)            Temple (1/1) D:5            Lair (5/5) D:8
 Shoals (4/4) Lair:3       Spider (4/4) Lair:2        Slime (0/5) Lair:5
    Orc (2/2) D:10            Elf (0/3) Orc:2        Vaults (5/5) D:14
  Crypt (0/3) Vaults:2     Depths (4/4) D:15            Zot (5/5) Depths:4
 Bailey (visited)           IceCv (visited)          WizLab (visited)

Altars:
Ashenzari
Cheibriados
Dithmenos
Elyvilon
Fedhas
Gozag
Hepliaklqana
Kikubaaqudgha
Makhleb
Nemelex Xobeh
Okawaru
Qazlal
Ru
Sif Muna
Trog
Uskayaw
Vehumet
Wu Jian
Xom
Yredelemnul
Zin
The Shining One
Jiyva
Lugonu

Shops:
D:4 ?   D:7 [   D:15 (   Orc:1 =   Orc:2 ==!   Vaults:3 !

Portals:
Abyss: Lair:5
Pandemonium: Depths:2

Annotations:
D:2 Sigmund
D:3 Natasha
D:6 1 runed translucent door, Vorhees's ghost, novice MfGl
Lair:3 Nessos
Shoals:1 1 runed translucent door, Goeskeom's ghost, adept OgEE
Shoals:3 Mlioglotl

###.###.............#.........##.
#.##...###...###.........†..###
#.##...#>......#...#.......####
#.##...#.......#...............
#.###.............#..........##
#.###......#......#..........##
#...#.............#............
#......#.......#............###
#......#......@#...#.......## #
#.##...###...###...##.....#####
#[#.#.............#............
###.#.#.............#...........[
......###...###...########.####..
...>........#....................
...........###...................
........#..###...................
#..##...##...#...........##..##..


There were no monsters in sight!


Message History

(D) Dungeon (T) Temple (L) Lair (A) Shoals (N) Spider Nest (M) Slime Pits (O) Orcish Mines (E) Elven Halls (V) Vaults (C) Crypt (U) Depths (Z) Zot
Where to? (Enter - D:1, ? - help)
What level of the Dungeon? (default 1, ? - help)
A smoke demon comes into view. 😎 MP[+1]
Your mp is fully restored (33).
(D) Dungeon (T) Temple (L) Lair (A) Shoals (N) Spider Nest (M) Slime Pits (O) Orcish Mines (E) Elven Halls (V) Vaults (C) Crypt (U) Depths (Z) Zot
Where to? (Enter - D:1, ? - help)
You see here a +0 arbalest {crossbow}.
A demonspawn warmonger and a demonspawn black sun come into view.
The demonspawn warmonger is wielding a +2 vampiric demon blade and wearing a +0 kite shield of reflection.
The demonspawn warmonger moves out of view.
Things that are here:
a +0 plate armour; a +3 vampiric long sword {long}
There is a stone staircase leading up here.
You climb upwards.
There is a stone staircase leading down here.
(D) Dungeon (T) Temple (L) Lair (A) Shoals (N) Spider Nest (M) Slime Pits (O) Orcish Mines (E) Elven Halls (V) Vaults (C) Crypt (U) Depths (Z) Zot
Where to? (Enter - D:1, ? - help)
What level of the Dungeon? (default 1, ? - help)
There is a gate to the Vaults here.
There is a stone staircase leading up here.
You climb upwards.
There is a stone staircase leading down here.
There is a stone staircase leading up here.
You climb upwards.
There is a stone staircase leading down here.
There is a stone staircase leading up here.
You climb upwards.
There is a stone staircase leading down here.
There is a stone staircase leading up here.
You climb upwards.
There is a stone staircase leading down here.
There is an open door here.
There is an escape hatch in the floor here.
There is an open door here.
There is a stone staircase leading up here.
You climb upwards.
There is a stone staircase leading down here.
There is a stone staircase leading up here.
You climb upwards.
There is a stone staircase leading down here.
Things that are here:
a +0 leather armour; a +0 club {mace}; a +0 flail {mace}
Things that are here:
a +0 hand axe {axe}; a +0 club {mace}; a +0 hand axe {axe} An Orb Guardian comes into view.
There is a stone staircase leading up here.
You climb upwards.
There is a stone staircase leading down here.
(D) Dungeon (T) Temple (L) Lair (A) Shoals (N) Spider Nest (M) Slime Pits (O) Orcish Mines (E) Elven Halls (V) Vaults (C) Crypt (U) Depths (Z) Zot
Where to? (Enter - D:1, ? - help)
What level of the Dungeon? (default 1, ? - help)
There is a stone staircase leading up here.
You climb upwards.
Level annotation: 1 runed translucent door, Vorhees's ghost, novice MfGl
There is a stone staircase leading down here.
There is a stone staircase leading up here.
You climb upwards.
There is a stone staircase leading down here.
There is a stone staircase leading up here.
You climb upwards.
An Ichagouf, a rust devil and a hellwing come into view.
There is a stone staircase leading down here.
Unknown command.
The hellwing gives a chilling moan.
You climb downwards.
There is a stone staircase leading up here.
There is an escape hatch in the ceiling here.
You can't go down here!
A mysterious force pulls you upwards. The hatch slams shut behind you.
There is a stone staircase leading up here.
You climb upwards.
Level annotation: Natasha
There is a stone staircase leading down, spattered with blood here.
(D) Dungeon (T) Temple (L) Lair (A) Shoals (N) Spider Nest (M) Slime Pits (O) Orcish Mines (E) Elven Halls (V) Vaults (C) Crypt (U) Depths (Z) Zot
Where to? (Enter - D:5 @ (x,y), ? - help)
What level of the Dungeon? (default 1, ? - help)
There is a stone staircase leading up here.
You climb upwards.
Level annotation: Sigmund
There is a stone staircase leading down here.
There is a stone staircase leading up here.
You climb upwards.
There is a stone staircase leading down here.
A neqoxec comes into view.
Unknown command.
The neqoxec moves out of view.
There is a staircase leading out of the dungeon here.
You have escaped!

Skill      XL: |  1  2  3  4  5  6  7  8  9 10 11 12 13 14 15 16 17 18 19 20 21 22 23 |
---------------+----------------------------------------------------------------------+-----
Ranged Weapons | 5 6 7 8 10 11 14 15 16 17 18 21 24 | 24.4
Fighting       | 2 4 7 9 10 13 14 16 18 21 | 21.0
Dodging        | 3 7 11 14 16 19 21 | 21.0
Evocations     | 7 10 13 17 21 | 21.2
Invocations    | 8 |  8.0
Armour         | 4 6 |  6.0
Stealth        | 13 14 | 14.1
Spellcasting   | 6 |  6.1
Transmutations | 6 |  6.7

Action                     |  1- 3 |  4- 6 |  7- 9 | 10-12 | 13-15 | 16-18 | 19-21 | 22-24 || total
---------------------------+-------+-------+-------+-------+-------+-------+-------+-------++-------
   Fire: Shortbow          |   103 |   171 |   463 |   217 |       |       |       |       ||   954
         Orcbow            |       |       |       |   816 |  1948 |  2087 |  1926 |  1135 ||  7912
   Cast: Wereblood         |       |       |       |       |       |       |     9 |       ||     9
 Invoke: Recall Ancestor   |       |       |       |    23 |    28 |    29 |    24 |    28 ||   132
         Ancestor Identity |       |       |       |     1 |       |       |       |       ||     1
         Ancestor Life: Kn |       |       |       |     1 |       |       |       |       ||     1
         Idealise          |       |       |       |       |       |     8 |    15 |    13 ||    36
  Evoke: Wand              |       |     4 |    11 |     4 |    17 |    22 |       |     9 ||    67
         Tin of tremorston |       |       |       |     3 |     3 |     8 |     4 |     1 ||    19
         Box of beasts     |       |       |       |       |     2 |     2 |     2 |     1 ||     7
         Lightning rod     |       |       |       |       |       |     4 |     6 |       ||    10
         Phial of floods   |       |       |       |       |       |     1 |       |       ||     1
         Phantom mirror    |       |       |       |       |       |       |     2 |     1 ||     3
    Use: Scroll            |       |     5 |    11 |     8 |    13 |     9 |     7 |     7 ||    60
         Potion            |       |       |     1 |       |     1 |     7 |     6 |    16 ||    31
 Armour: Robe              |     1 |     8 |     8 |       |       |       |       |       ||    17
         Steam dragon scal |       |       |       |     8 |       |       |       |       ||     8
         Troll leather arm |       |       |       |    16 |    50 |   125 |    61 |    17 ||   269
  Dodge: Dodged            |    27 |    42 |   106 |   186 |   599 |   995 |   731 |   375 ||  3061
  Block: Other             |       |       |       |       |    25 |    25 |       |       ||    50
         Reflection        |       |       |       |       |     7 |     2 |       |       ||     9

Levels and vault maps discovered:
D:1:      minmay_arrival_open_corners, layout_rooms, nicolae_the_louvre
D:2:      layout_basic, uniq_sigmund
D:3:      layout_loops_ring, gammafunk_ghost_split, chequers_hall_statues_y,
          kennysheep_nondescript, uniq_natasha
D:4:      minmay_wonky_spiral, layout_rooms, amethyst_overflow_temple_binary,
          grunt_gozag_statues, serial_corexii_hall, chequers_hall_statues_y,
          corexii_hall_statues_u, serial_shops, nicolae_stop_n_shop_2,
          kennysheep_generic_room_5, uniq_eustachio
D:5:      layout_rooms, lemuel_temple_firewalk_b, uniq_menkaure, uniq_edmund
D:6:      layout_basic, lemuel_coloured_pillars_altar,
          mainiacjoe_overflow_tiny_flanked, ebering_ghost_sewer_d,
          eino_small_chamber_without_monster, uniq_duvessa
D:7:      layout_loops_cross, beargit_hepliaklqana_dungeon_heroes, serial_shops,
          shop, hangedman_decor_growths
D:8:      layout_cave_pools, nicolae_uskayaw_dance_hall, led_sif_pool,
          minmay_lair_entry_lava, dreamdust_mushroom_princess
D:9:      layout_cave_pools, fedhas_altar_fruit_tree, solitary_fountain,
          grunt_ministairs_2
D:10:     layout_roguey, zombieorc1_lemuel, enter_bailey_3, uniq_lodul
D:11:     layout_rooms
D:12:     layout_cave_pods
D:13:     layout_basic, serial_bayou, serial_bayou_pond_d,
          serial_bayou_crossing, serial_bayou_shore_a, serial_bayou_shore_b,
          serial_bayou_lagoon_a, kennysheep_okawaru_gauntlet
D:14:     layout_irregular_city, david_vaults_3, nicolae_vehumet_altar_sigil,
          uniq_agnes
D:15:     gammafunk_depths_entry_grave, layout_loops_ring, serial_shops,
          nicolae_shop_trees
Temple:   nicolae_temple_god_jail
Lair:1:   layout_cave_pods, beast_lair_carwin_3, grunt_megastairs_1,
          lemuel_fruit_tree, serial_bayou_shore_b
Lair:2:   layout_regular_city, nicolae_spider_entry_tight_spaces
Lair:3:   layout_layer_cave, shoals_dummy_entry, serial_bayou,
          serial_bayou_pond_b, serial_bayou_ford_a, serial_bayou_shore_b,
          serial_bayou_lagoon_b, uniq_urug, uniq_nessos
Lair:4:   layout_small_grid, basic_altar
Lair:5:   hellmonk_lair_end_abyssal_woods, layout_loops_ring,
          nicolae_slime_entry_slimehenge, infiniplex_staircase_pool,
          serial_bayou_shore_b
Shoals:1: layout_shoals, hellmonk_ghost_happy_afterlife,
          nicolae_shoals_square_sea_wall
Shoals:2: layout_shoals, lightli_airlock, uniq_frances, uniq_polyphemus,
          uniq_nikola, uniq_ilsuiw
Shoals:3: layout_shoals, portal_ice_cave_entry_pillars_four,
          nicolae_shoals_drake_roost
Shoals:4: shoals_end_hangedman, layout_shoals, uniq_mlioglotl
Spider:1: layout_chambers
Spider:2: layout_spider_delve, hangedman_spider_tarantella_strand
Spider:3: layout_spider_delve, guppyfry_spider_mini_3, uniq_kirke
Spider:4: spider_rune_water, uniq_donald, uniq_arachne
Orc:1:    layout_caves, serial_shops, nicolae_shop_real_fake_doors,
          uniq_josephine, uniq_maurice
Orc:2:    st_orc_elflike, layout_diamond_mine, elf_legates
Vaults:1: v_misc_26, nicolae_vaults_network_periphery,
          nicolae_vaults_trapezoid_lopsided_3, nicolae_vaults_more_shelving_2,
          nicolae_vaults_trapezoid_layered, vaults_room_octagon,
          nicolae_vaults_ellipses_ellipsis, nicolae_vaults_mitosis, v_misc_2,
          nicolae_vaults_offset_grid_hallway_2, layout_vaults_omnibox
Vaults:2: nicolae_vaults_shelves_hall, v_misc_4, nicolae_vaults_spaceships,
          v_rooms_5, minmay_crypt_entry_simple_statues,
          nicolae_vaults_diagonal_hallway_6, v_alt_pattern_2, v_misc_29,
          v_misc_27, v_misc_13, nicolae_vaults_tetromino_Z_1,
          layout_vaults_big_room
Vaults:3: nicolae_vaults_trapezoid_lopsided_1, nicolae_vaults_wrenched,
          nicolae_vaults_shelves_hall, nicolae_vaults_swerve,
          nicolae_vaults_trapezoid_lopsided_4, dpeg_vaults_monster_box,
          vaults_room_boxed, v_rooms_2, nicolae_vaults_ninety_degrees, v_misc_1,
          nicolae_vaults_circle_grid_a, vaults_dpeg_hooks, layout_vaults_maze,
          serial_shops, shop
Vaults:4: nicolae_vaults_shelves_hall, nicolae_vaults_sesquioval_fish,
          nicolae_vaults_tangram_1, vaults_room_pool, st_smaller_cells,
          nicolae_vaults_frosty_reception, vaults_dpeg_encased_lava,
          layout_vaults_omnigrid, uniq_bai_suzhen
Vaults:5
Depths:1: layout_cave_shapes, grunt_pan_entry_in_and_out,
          abyss_entry_small_statue_room, hell_entry,
          gammafunk_ghost_abyssal_escape, hangedman_decor_points,
          minmay_guarded_unrand_tortoise
Depths:2: nzn_winding_woodlands_huge [nzn_winding_woodlands_5x15_crooked,
          nzn_winding_woodlands_5x15_split_checker,
          nzn_winding_woodlands_5x15_zeroes,
          nzn_winding_woodlands_5x15_river_crossing,
          nzn_winding_woodlands_5x15_eye, nzn_winding_woodlands_5x15_pockets,
          nzn_winding_woodlands_5x15_parted, nzn_winding_woodlands_5x15_default,
          nzn_winding_woodlands_5x15_sidewinder,
          nzn_winding_woodlands_5x15_default,
          nzn_winding_woodlands_center_triple_pond,
          nzn_winding_woodlands_center_pierced_h,
          nzn_winding_woodlands_15x15_boxy_spiral], layout_gridlike, hell_entry,
          pan_entry, minmay_misc_feat_enclosed, uniq_saint_roka
Depths:3: grunt_runaround [grunt_runaround_doors_1, grunt_runaround_doors_2,
          grunt_runaround_doors_3, grunt_runaround_doors_4,
          grunt_runaround_loot], abyss_entry, hell_entry
Depths:4: grunt_x_marks_the_spot, layout_honeycomb, enter_ziggurat_a,
          hangedman_decor_lopped, mu_enter_wizlab_4, hell_entry
Zot:1:    lemuel_acid_trip, layout_concentric_octagons
Zot:2:    layout_cathedral_of_symmetry
Zot:3:    kennysheep_spiral_hall, layout_basic
Zot:4:    lemuel_firehouse, layout_concentric_octagons
Zot:5:    layout_cathedral_of_symmetry

Notes
Turn   | Place    | Note
-------+----------+-------------------------------------------
     0 | D:1      | MackTheKnife the Spriggan Hunter began the quest for the
                  | Orb.
     0 | D:1      | Reached XP level 1. HP: 10/10 MP: 2/2
     0 | D:1      | magus.rc [v1.9.6]
    47 | D:1      | Reached XP level 2. HP: 14/14 MP: 3/3
   295 | D:1      | Reached skill level 5 in Ranged Weapons
   295 | D:1      | Reached XP level 3. HP: 18/18 MP: 4/4
   451 | D:2      | Noticed Sigmund
  1114 | D:2      | Reached XP level 4. HP: 22/22 MP: 5/5
  1499 | D:3      | Noticed GrimJard's ghost (amateur GnRe)
  1625 | D:3      | Noticed Natasha
  1635 | D:3      | Killed Natasha
  1636 | D:3      | Reached skill level 6 in Ranged Weapons
  1702 | D:3      | Found a runed translucent gate.
  1702 | D:3      | Found a runed translucent gate.
  1704 | D:3      | Found a runed translucent gate.
  2297 | D:4      | Noticed an ice beast
  2305 | D:4      | Reached XP level 5. HP: 25/25 MP: 6/6
  2362 | D:4      | Noticed Eustachio
  2362 | D:4      | Found Ceghez's Magic Scroll Shop.
  2428 | D:4      | Noticed a black bear
  2581 | D:4      | Reached skill level 7 in Ranged Weapons
  2685 | D:4      | Reached XP level 6. HP: 30/30 MP: 7/7
  2698 | D:4      | Bought a scroll of identify for 20 gold pieces
  2701 | D:4      | Bought a scroll of identify for 20 gold pieces
  2701 | D:4      | Bought a scroll of identify for 20 gold pieces
  2792 | D:3      | Noticed Natasha
  2934 | D:4      | Reached skill level 8 in Ranged Weapons
  2965 | D:4      | Reached XP level 7. HP: 32/33 MP: 8/8
  3104 | D:4      | Killed Eustachio
  3105 | D:4      | Reached skill level 9 in Ranged Weapons
  3197 | D:4      | Found an opulent altar of Gozag.
  3280 | D:4      | Found a shadowy altar of Dithmenos.
  3281 | D:4      | Found an iron altar of Okawaru.
  3559 | D:4      | Reached skill level 10 in Ranged Weapons
  3570 | D:4      | Identified the +9 hand axe of Defenestration {flame, rC+}
  3682 | D:5      | Entered Level 5 of the Dungeon
  3682 | D:5      | Noticed Edmund
  3789 | D:4      | Killed Edmund
  3790 | D:4      | Reached skill level 2 in Fighting
  3790 | D:4      | Reached skill level 3 in Dodging
  3790 | D:4      | Reached XP level 8. HP: 39/39 MP: 9/9
  3962 | D:5      | Reached skill level 4 in Dodging
  3966 | D:5      | Noticed Menkaure
  3973 | D:5      | Killed Menkaure
  3996 | D:5      | Reached skill level 3 in Fighting
  4027 | D:5      | Reached skill level 5 in Dodging
  4096 | D:5      | Gained mutation: Your body sometimes deteriorates upon
                  | taking damage. [potion of mutation]
  4096 | D:5      | Gained mutation: You are resistant to electric shocks.
                  | (rElec) [potion of mutation]
  4117 | D:5      | You pick up a book of Rime and begin reading...
  4117 | D:5      | You add the spells Frozen Ramparts, Ice Form and Summon Ice
                  | Beast to your library.
  4335 | D:5      | Reached skill level 6 in Dodging
  4344 | D:5      | Found a staircase to the Ecumenical Temple.
  4353 | Temple   | Entered the Ecumenical Temple
  4514 | D:6      | Found a runed translucent door.
  4530 | D:6      | Reached skill level 4 in Fighting
  4613 | D:6      | Reached skill level 7 in Dodging
  4642 | D:6      | Noticed Vorhees's ghost (novice MfGl)
  4711 | D:6      | Reached XP level 9. HP: 46/46 MP: 10/10
  4722 | D:6      | Reached skill level 1 in Evocations
  4723 | D:6      | Found a broken altar of Ashenzari.
  4874 | D:6      | Noticed Duvessa
  4912 | D:6      | Noticed Dowan
  4924 | D:6      | Killed Duvessa
  4925 | D:6      | Reached skill level 3 in Evocations
  5105 | D:6      | Found a white marble altar of Elyvilon.
  5269 | D:6      | Dowan changed into Dowan the worm
  5269 | D:6      | Noticed Dowan
  5274 | D:6      | Killed Dowan the worm
  5336 | D:7      | Found Facupuk's Armour Emporium.
  5362 | D:7      | Reached skill level 4 in Evocations
  5518 | D:7      | Reached skill level 5 in Evocations
  5615 | D:7      | You pick up a book of Minor Magic and begin reading...
  5615 | D:7      | You add the spells Magic Dart, Call Imp and Mephitic Cloud
                  | to your library.
  5715 | D:7      | Reached skill level 6 in Evocations
  6092 | D:7      | Reached skill level 7 in Evocations
  6093 | D:7      | Found a faded altar of an unknown god.
  6097 | D:7      | Found a hazy altar of Hepliaklqana.
  6106 | D:7      | Became a worshipper of Hepliaklqana the Forgotten
  6225 | D:8      | Noticed a fire crab
  6229 | D:8      | Noticed a two-headed ogre
  6530 | D:7      | Killed a two-headed ogre
  6531 | D:7      | Reached skill level 11 in Ranged Weapons
  6662 | D:8      | Reached XP level 10. HP: 51/51 MP: 11/11
  6702 | D:8      | Reached skill level 12 in Ranged Weapons
  6798 | D:8      | Found a hide-covered altar of Uskayaw.
  6951 | D:8      | Reached * piety under Hepliaklqana
  6984 | D:8      | Found a shimmering blue altar of Sif Muna.
  7108 | D:9      | You pick up a book of Spectacle and begin reading...
  7108 | D:9      | You add the spells Volatile Blastmotes, Dazzling Flash,
                  | Iskenderun's Mystic Blast and Starburst to your library.
  7119 | D:9      | Noticed a two-headed ogre
  7149 | D:9      | Killed a two-headed ogre
  7214 | D:9      | Reached skill level 13 in Ranged Weapons
  7589 | D:9      | Reached skill level 14 in Ranged Weapons
  7698 | D:9      | Found a blossoming altar of Fedhas.
  7820 | D:10     | Entered Level 10 of the Dungeon
  8171 | D:10     | Found a flagged portal.
  8176 | Bailey   | Entered a bailey
  8255 | Bailey   | Noticed an orc knight
  8280 | Bailey   | Killed an orc knight
  8281 | Bailey   | Reached XP level 11. HP: 26/48 MP: 12/12
  8323 | Bailey   | Noticed an orc knight
  8349 | Bailey   | Killed an orc knight
  8429 | Bailey   | Identified the +1 helmet "Xiuses" {rPois Will- Slay+2}
  8431 | Bailey   | Identified a +1 crystal plate armour
  8432 | Bailey   | l - a +1 crystal plate armour {rare=g}
  8434 | Bailey   | You drop a +1 crystal plate armour {rare=g}.
  8504 | D:10     | Reached skill level 15 in Ranged Weapons
  8534 | D:10     | Found a staircase to the Orcish Mines.
  8617 | D:10     | Noticed a two-headed ogre
  8630 | D:10     | Killed a two-headed ogre
  8631 | D:10     | Reached skill level 5 in Fighting
  8655 | D:10     | Reached skill level 8 in Dodging
  8817 | D:10     | You are sucked into a shaft and drop 1 floor!
  8842 | D:11     | Noticed a centaur warrior
  8850 | D:11     | Killed a centaur warrior
  8987 | D:10     | Noticed Lodul
  9036 | D:10     | Reached skill level 9 in Dodging
  9120 | D:10     | Killed Lodul
  9128 | D:10     | Reached skill level 6 in Fighting
  9213 | D:11     | Reached ** piety under Hepliaklqana
  9215 | D:11     | Remembered your ancestor Louis as a knight
  9599 | D:7      | Bought the +4 troll leather armour of the Unbroken {rPois
                  | rC+ Regen+ Str+4} for 739 gold pieces
  9635 | D:8      | Killed a fire crab
  9636 | D:8      | Reached skill level 10 in Dodging
  9637 | D:8      | Found a staircase to the Lair.
  9787 | Lair:1   | Entered Level 1 of the Lair of Beasts
 10042 | Lair:1   | Reached skill level 7 in Fighting
 10045 | Lair:1   | Reached skill level 11 in Dodging
 10110 | Lair:1   | Noticed a catoblepas
 10130 | Lair:1   | Killed a catoblepas
 10141 | Lair:1   | Reached XP level 12. HP: 56/56 MP: 13/13
 10464 | Lair:1   | Reached skill level 12 in Dodging
 10589 | Lair:1   | Reached skill level 8 in Fighting
 11121 | Lair:2   | Reached skill level 13 in Dodging
 11122 | Lair:2   | Noticed a six-headed hydra
 11133 | Lair:2   | Killed a six-headed hydra
 11333 | Lair:2   | Reached *** piety under Hepliaklqana
 11409 | Lair:2   | Reached skill level 9 in Fighting
 11773 | Lair:2   | Found a hole to the Spider Nest.
 11787 | Lair:2   | Reached skill level 14 in Dodging
 11842 | Lair:3   | Found a staircase to the Shoals.
 12027 | Lair:3   | Noticed a death yak
 12043 | Lair:3   | Killed a death yak
 12053 | Lair:3   | Reached XP level 13. HP: 63/63 MP: 14/14
 12141 | Lair:3   | Reached **** piety under Hepliaklqana
 12486 | Lair:3   | Noticed Nessos
 12763 | Lair:4   | Reached skill level 15 in Dodging
 12779 | Lair:4   | Reached skill level 10 in Fighting
 12786 | Lair:4   | Identified the +3 trident of Qazlal's Supremacy {elec,
                  | Int+4 SInv Stlth+}
 13226 | Lair:4   | Reached skill level 16 in Dodging
 13312 | Lair:4   | Found a shadowy altar of Dithmenos.
 13319 | Lair:4   | Reached ***** piety under Hepliaklqana
 13714 | Lair:5   | Entered Level 5 of the Lair of Beasts
 13996 | Lair:5   | Reached skill level 16 in Ranged Weapons
 14355 | Lair:5   | Reached skill level 8 in Evocations
 14724 | Lair:5   | Reached skill level 9 in Evocations
 14808 | Lair:5   | Reached skill level 10 in Evocations
 14816 | Lair:5   | Reached XP level 14. HP: 69/69 MP: 15/15
 15005 | Lair:5   | Reached skill level 11 in Evocations
 15081 | Lair:5   | Found a staircase to the Slime Pits.
 15081 | Lair:5   | Found a viscous altar of Jiyva.
 15335 | Lair:5   | Reached skill level 12 in Evocations
 15425 | Lair:5   | Found a corrupted altar of Lugonu.
 15425 | Lair:5   | Found a one-way gate to the infinite horrors of the Abyss.
 15685 | Orc:1    | Entered Level 1 of the Orcish Mines
 15874 | Orc:1    | Found Miguinn's Jewellery Shop.
 15926 | Orc:1    | Noticed Maurice
 15938 | Orc:1    | Killed Maurice
 16130 | Orc:1    | Noticed Josephine
 16137 | Orc:1    | Killed Josephine
 16201 | Orc:2    | Entered Level 2 of the Orcish Mines
 16269 | Orc:2    | Reached skill level 13 in Evocations
 16551 | Orc:2    | Found a staircase to the Elven Halls.
 16885 | Orc:2    | Reached skill level 1 in Invocations
 16897 | Orc:2    | Reached skill level 2 in Invocations
 16920 | Orc:2    | Reached skill level 3 in Invocations
 16982 | Orc:2    | Reached skill level 4 in Invocations
 17033 | Orc:2    | Reached skill level 5 in Invocations
 17053 | Orc:2    | Found Iweipil's Jewellery Shoppe.
 17053 | Orc:2    | Found Osilamn's Jewellery Shoppe.
 17078 | Orc:2    | Found Dudghaen's Distillery.
 17078 | Orc:2    | Found Yzukk's Antique Armour Shop.
 17099 | Orc:2    | Bought a potion of resistance for 130 gold pieces
 17099 | Orc:2    | Bought a potion of resistance for 130 gold pieces
 17229 | Orc:2    | Noticed an orc warlord
 17366 | Orc:2    | Reached skill level 6 in Invocations
 17497 | Orc:2    | Killed an orc warlord
 17571 | Orc:2    | Noticed an orc warlord
 17639 | Orc:2    | Killed an orc warlord
 17640 | Orc:2    | Reached skill level 7 in Invocations
 17863 | Orc:2    | Bought a +4 ring of protection for 468 gold pieces
 17894 | Orc:2    | Bought a ring of willpower for 300 gold pieces
 17901 | Orc:2    | Bought a potion of curing for 39 gold pieces
 17901 | Orc:2    | Bought a potion of cancellation for 104 gold pieces
 18078 | D:4      | Bought a scroll of enchant weapon for 75 gold pieces
 18498 | D:12     | You pick up a book of Alchemy and begin reading...
 18498 | D:12     | You add the spells Sublimation of Blood, Petrify and
                  | Irradiate to your library.
 18598 | D:12     | Reached skill level 8 in Invocations
 18914 | D:12     | Reached ****** piety under Hepliaklqana
 19385 | D:13     | Reached skill level 17 in Ranged Weapons
 19676 | D:13     | Found an iron altar of Okawaru.
 19779 | D:13     | Reached XP level 15. HP: 72/72 MP: 22/22
 20218 | D:14     | Noticed Urug
 20218 | D:14     | Found a gate to the Vaults.
 20265 | D:14     | Noticed Agnes
 20268 | D:13     | magus.rc [v1.9.6]
 20480 | Shoals:1 | Entered Level 1 of the Shoals
 20776 | Shoals:1 | Noticed Goeskeom's ghost (adept OgEE)
 20901 | Shoals:1 | Found a runed translucent door.
 21045 | Shoals:1 | Reached skill level 18 in Ranged Weapons
 21253 | Shoals:1 | You pick up a book of Rime and begin reading...
 21441 | Shoals:2 | Noticed Frances
 21443 | Shoals:2 | Frances changed into Frances the jorogumo
 21443 | Shoals:2 | Noticed Frances
 21509 | Shoals:2 | Identified the +1 pair of gloves "Zibekhim" {Will++ Regen+}
 21509 | Shoals:2 | Noticed Nikola
 21529 | Shoals:1 | Killed Nikola
 21819 | Shoals:2 | Noticed Polyphemus
 21828 | Shoals:2 | Reached skill level 11 in Fighting
 21847 | Shoals:2 | Killed Polyphemus
 21948 | Shoals:2 | Found a runed translucent door.
 21964 | Shoals:2 | Killed Frances the jorogumo
 22045 | Shoals:2 | Noticed Ilsuiw
 22241 | Shoals:3 | Found a frozen archway.
 22245 | IceCv    | Entered an ice cave
 22253 | IceCv    | Reached skill level 12 in Fighting
 22981 | IceCv    | Noticed a frost giant
 22983 | IceCv    | Noticed a frost giant
 22983 | IceCv    | Killed a frost giant
 22984 | IceCv    | Reached skill level 13 in Fighting
 22984 | IceCv    | Reached XP level 16. HP: 81/81 MP: 23/23
 23544 | Shoals:3 | Reached skill level 14 in Fighting
 23544 | Shoals:3 | Reached skill level 1 in Armour
 23578 | Shoals:3 | Reached skill level 2 in Armour
 23973 | Shoals:4 | Entered Level 4 of the Shoals
 23985 | Shoals:4 | Noticed Mlioglotl
 24084 | Shoals:4 | Reached skill level 3 in Armour
 24192 | Shoals:4 | Reached skill level 4 in Armour
 24218 | Shoals:4 | Reached skill level 2 in Stealth
 24224 | Shoals:4 | Identified the amulet "Catsijet" {rElec Will+ Regen+}
 24281 | Shoals:4 | Reached skill level 3 in Stealth
 24287 | Shoals:4 | Reached skill level 4 in Stealth
 24338 | Shoals:4 | Reached skill level 5 in Stealth
 24371 | Shoals:4 | Reached skill level 6 in Stealth
 24437 | Shoals:4 | Identified the +3 executioner's axe of Bloody Death {vamp,
                  | rPois rF+ Str+3}
 24592 | Shoals:4 | Reached skill level 7 in Stealth
 24620 | Shoals:4 | Identified the ring "Huaxkuor" {Fly Int+3}
 24693 | Shoals:4 | Reached skill level 8 in Stealth
 24695 | Shoals:4 | a merfolk javelineer comes into view. It is wielding the +8
                  | demon blade "Leech" {evervamp, Harm Drain rN+} and
                  | quivering silver javelins.
 24698 | Shoals:4 | Here: a merfolk javelineer, wielding the +8 demon blade
                  | "Leech" {evervamp, Harm Drain rN+}, wearing a +0 leather
                  | armour and quivering silver javelins (heavily wounded, ally
                  | target)
 24698 | Shoals:4 | Here: a merfolk javelineer, wielding the +8 demon blade
                  | "Leech" {evervamp, Harm Drain rN+}, wearing a +0 leather
                  | armour and quivering silver javelins (heavily wounded, ally
                  | target)
 24701 | Shoals:4 | Aim: a merfolk javelineer, wielding the +8 demon blade
                  | "Leech" {evervamp, Harm Drain rN+}, wearing a +0 leather
                  | armour and quivering silver javelins (severely wounded,
                  | ally target, 71% to hit)
 24702 | Shoals:4 | Aim: a merfolk javelineer, wielding the +8 demon blade
                  | "Leech" {evervamp, Harm Drain rN+}, wearing a +0 leather
                  | armour and quivering silver javelins (severely wounded,
                  | ally target, 71% to hit)
 24702 | Shoals:4 | Aim: a merfolk javelineer, wielding the +8 demon blade
                  | "Leech" {evervamp, Harm Drain rN+}, wearing a +0 leather
                  | armour and quivering silver javelins (severely wounded,
                  | ally target, 71% to hit)
 24833 | Shoals:4 | Reached skill level 9 in Stealth
 24933 | Shoals:4 | Reached skill level 10 in Stealth
 25108 | Shoals:4 | Reached skill level 11 in Stealth
 25194 | Shoals:4 | Noticed a kraken
 25519 | Shoals:4 | HP: 7/83 [drowned by a drowned soul[a merfolk avatar] (14)]
 25664 | Shoals:4 | Got a barnacled rune of Zot
 25746 | Shoals:2 | Reached skill level 12 in Stealth
 25754 | Shoals:2 | Killed Ilsuiw
 25943 | Shoals:2 | Reached skill level 13 in Stealth
 26018 | Shoals:2 | Identified the +1 dagger of Meager Fortitude {elec, rElec
                  | rC- Will++ Int+3}
 26042 | Shoals:2 | Identified the +9 short sword of Hatred {speed, Fragile
                  | Str+3 Dex+3}
 26363 | D:13     | Reached XP level 17. HP: 87/87 MP: 21/24
 26389 | D:13     | Reached skill level 14 in Stealth
 26486 | D:14     | Killed Urug
 26540 | D:14     | Killed Agnes
 26877 | D:14     | Found a radiant altar of Vehumet.
 27158 | D:15     | Entered Level 15 of the Dungeon
 27273 | D:15     | Identified the ring of Zotaickotzi {rPois SInv Stlth+}
 27712 | D:15     | Found a staircase to the Depths.
 27724 | D:15     | Reached skill level 15 in Fighting
 27818 | D:15     | Found Zaqing's Weapon Shoppe.
 28245 | Spider:1 | Entered Level 1 of the Spider Nest
 28248 | Lair:2   | Lost mutation: You are resistant to electric shocks.
                  | (rElec) [potion of mutation]
 28248 | Lair:2   | Lost mutation: Your body sometimes deteriorates upon taking
                  | damage. [potion of mutation]
 28248 | Lair:2   | Gained mutation: Armour fits poorly on your strangely
                  | shaped body. [potion of mutation]
 28248 | Lair:2   | Gained mutation: Your natural rate of healing is unusually
                  | fast. [potion of mutation]
 28249 | Lair:2   | Lost mutation: Armour fits poorly on your strangely shaped
                  | body. [potion of mutation]
 28249 | Lair:2   | Lost mutation: Your natural rate of healing is unusually
                  | fast. [potion of mutation]
 28249 | Lair:2   | Gained mutation: You occasionally lose the ability to read
                  | scrolls when taking damage. [potion of mutation]
 28249 | Lair:2   | Gained mutation: You have a beak for a mouth. [potion of
                  | mutation]
 28249 | Lair:2   | Gained mutation: Armour fits poorly on your strangely
                  | shaped body. [potion of mutation]
 28249 | Lair:2   | Gained mutation: Your mind is acute. (Int +4, Str/Dex -1)
                  | [potion of mutation]
 28250 | Lair:2   | Lost mutation: You occasionally lose the ability to read
                  | scrolls when taking damage. [potion of mutation]
 28250 | Lair:2   | Lost mutation: Armour fits poorly on your strangely shaped
                  | body. [potion of mutation]
 28250 | Lair:2   | Lost mutation: Your mind is acute. (Int +4, Str/Dex -1)
                  | [potion of mutation]
 28250 | Lair:2   | Gained mutation: You occasionally lose the ability to read
                  | scrolls when taking damage. [potion of mutation]
 28250 | Lair:2   | Gained mutation: You are vulnerable to cold. (rC-) [potion
                  | of mutation]
 28250 | Lair:2   | Gained mutation: Your flesh is heat resistant. (rF+)
                  | [potion of mutation]
 28250 | Lair:2   | Gained mutation: Your system is resistant to poisons.
                  | (rPois) [potion of mutation]
 28251 | Lair:2   | Lost mutation: You are vulnerable to cold. (rC-) [potion of
                  | mutation]
 28251 | Lair:2   | Lost mutation: You have a beak for a mouth. [potion of
                  | mutation]
 28251 | Lair:2   | Lost mutation: Your flesh is heat resistant. (rF+) [potion
                  | of mutation]
 28251 | Lair:2   | Gained mutation: You are robust. (+10% HP) [potion of
                  | mutation]
 28251 | Lair:2   | Gained mutation: You occasionally shout uncontrollably at
                  | your foes. [potion of mutation]
 28251 | Lair:2   | Gained mutation: You have an increased reservoir of magic.
                  | (+10% MP) [potion of mutation]
 28252 | Lair:2   | Lost mutation: Your system is resistant to poisons. (rPois)
                  | [potion of mutation]
 28252 | Lair:2   | Lost mutation: You are robust. (+10% HP) [potion of
                  | mutation]
 28252 | Lair:2   | Gained mutation: Armour fits poorly on your strangely
                  | shaped body. [potion of mutation]
 28252 | Lair:2   | Gained mutation: You possess an exceptional clarity of
                  | mind. [potion of mutation]
 28396 | D:3      | Killed GrimJard's ghost
 28403 | D:3      | Lost mutation: Armour fits poorly on your strangely shaped
                  | body. [potion of mutation]
 28403 | D:3      | Lost mutation: You occasionally shout uncontrollably at
                  | your foes. [potion of mutation]
 28403 | D:3      | Gained mutation: Your mind is acute. (Int +4, Str/Dex -1)
                  | [potion of mutation]
 28611 | Orc:2    | Bought a potion of mutation for 104 gold pieces
 28611 | Orc:2    | Lost mutation: You have an increased reservoir of magic.
                  | (+10% MP) [potion of mutation]
 28611 | Orc:2    | Lost mutation: Your mind is acute. (Int +4, Str/Dex -1)
                  | [potion of mutation]
 28611 | Orc:2    | Gained mutation: Your body sometimes deteriorates upon
                  | taking damage. [potion of mutation]
 28611 | Orc:2    | Lost mutation: Your body sometimes deteriorates upon taking
                  | damage. [potion of mutation]
 28875 | Spider:1 | magus.rc [v1.9.6]
 28911 | Spider:1 | Identified a scroll of acquirement
 28912 | Spider:1 | Acquired the ring of Quddax {rN++ Will+ Int-4}
 30243 | Spider:2 | Reached skill level 16 in Fighting
 30276 | Spider:2 | Identified the ring "Vuuso" {rPois Will++}
 31284 | Spider:3 | Reached XP level 18. HP: 90/96 MP: 25/25
 31319 | Spider:3 | Reached skill level 17 in Fighting
 31356 | Spider:3 | Noticed Kirke
 31377 | Spider:3 | Killed Kirke
 31794 | Spider:4 | Entered Level 4 of the Spider Nest
 32027 | Spider:4 | Noticed Donald
 32040 | Spider:4 | Killed Donald
 32599 | Spider:4 | Noticed Arachne
 32622 | Spider:4 | Killed Arachne
 32623 | Spider:4 | Reached skill level 18 in Fighting
 32865 | Spider:4 | Reached skill level 17 in Dodging
 33545 | Spider:4 | Got a gossamer rune of Zot
 33898 | Vaults:1 | Entered Level 1 of the Vaults
 33937 | Vaults:1 | Reached skill level 18 in Dodging
 34055 | Vaults:1 | HP: 24/98 [vault warden/+0 great sword (24)]
 34082 | Vaults:1 | Reached skill level 19 in Dodging
 34571 | Vaults:1 | Reached XP level 19. HP: 102/102 MP: 26/26
 34610 | Vaults:1 | Reached skill level 20 in Dodging
 35009 | Vaults:1 | You pick up a book of Changes and begin reading...
 35009 | Vaults:1 | You add the spells Beastly Appendage, Wereblood and Spider
                  | Form to your library.
 35085 | Vaults:1 | Learned a level 2 spell: Wereblood
 35110 | Vaults:1 | Reached skill level 21 in Dodging
 35112 | Vaults:1 | Reached skill level 1 in Spellcasting
 35112 | Vaults:1 | Reached skill level 1 in Transmutations
 35127 | Vaults:1 | Reached skill level 2 in Transmutations
 35128 | Vaults:1 | Reached skill level 2 in Spellcasting
 35227 | Vaults:1 | Reached skill level 3 in Transmutations
 35258 | Vaults:1 | Reached skill level 3 in Spellcasting
 35448 | Vaults:1 | Reached skill level 4 in Transmutations
 35664 | Vaults:2 | Reached skill level 4 in Spellcasting
 35707 | Vaults:2 | Reached skill level 5 in Transmutations
 35738 | Vaults:2 | Reached skill level 5 in Spellcasting
 35761 | Vaults:1 | Reached skill level 6 in Transmutations
 35873 | Vaults:2 | Reached skill level 6 in Spellcasting
 35937 | Vaults:2 | Reached skill level 14 in Evocations
 36188 | Vaults:2 | You pick up a book of Minor Magic and begin reading...
 36252 | Vaults:2 | Reached skill level 15 in Evocations
 36612 | Vaults:2 | Reached skill level 16 in Evocations
 37000 | Vaults:2 | Found a staircase to the Crypt.
 37052 | Vaults:2 | Reached skill level 17 in Evocations
 37057 | Vaults:2 | Reached XP level 20. HP: 92/107 MP: 30/30
 37283 | Vaults:3 | Reached skill level 18 in Evocations
 37393 | Vaults:3 | Found Kidwe's Distillery.
 37422 | Vaults:3 | You pick up a book of Death and begin reading...
 37422 | Vaults:3 | You add the spells Animate Dead, Haunt and Infestation to
                  | your library.
 37501 | Vaults:3 | Reached skill level 19 in Evocations
 37951 | Vaults:3 | Reached skill level 20 in Evocations
 38568 | Vaults:4 | Reached skill level 21 in Evocations
 39001 | Vaults:4 | Reached skill level 5 in Armour
 39024 | Vaults:4 | Noticed Bai Suzhen
 39047 | Vaults:4 | Killed Bai Suzhen
 39075 | Vaults:4 | Reached skill level 6 in Armour
 39829 | Vaults:4 | Identified the +4 scale mail of Lesser Demons {Str-2 Int+8
                  | SInv}
 40233 | Vaults:5 | Entered Level 5 of the Vaults
 40308 | Vaults:5 | Reached XP level 21. HP: 111/111 MP: 31/31
 40395 | Vaults:5 | Noticed a golden dragon
 40428 | Vaults:5 | Killed a golden dragon
 40444 | Vaults:5 | Identified the +0 robe of Lies {Regen+ Stlth+}
 40454 | Vaults:5 | Reached skill level 19 in Fighting
 40615 | Vaults:5 | Identified the +7 orcbow "Lunadud" {heavy, Will+}
 40765 | Vaults:5 | Noticed a golden dragon
 40769 | Vaults:5 | HP: 10/113 [golden dragon/bolt of fire (57)]
 41011 | Vaults:5 | HP: 25/114 [titan/the air (32)]
 41104 | Vaults:5 | Noticed a dread lich
 41148 | Vaults:5 | You add the spells Sting, Sticky Flame and Ignition to your
                  | library.
 41148 | Vaults:5 | Got Sif Muna's Codex of Glowing Infection
 41167 | Vaults:5 | HP: 22/114 [Ice Fiend/bolt of cold[a dread lich] (25)]
 41187 | Vaults:5 | Got a silver rune of Zot
 41307 | Vaults:5 | Reached skill level 20 in Fighting
 41363 | Vaults:5 | Noticed a dread lich
 41387 | Vaults:5 | Noticed a dread lich
 41463 | Vaults:5 | You pick up a book of the Spheres and begin reading...
 41463 | Vaults:5 | You add the spells Iskenderun's Battlesphere, Fireball,
                  | Conjure Ball Lightning and Orb of Destruction to your
                  | library.
 41506 | Vaults:5 | Identified the ring "Coerue" {rC+ Int+6 Slay+3}
 41510 | Vaults:5 | Identified the ring of Tinoasm {Dex+3 SInv}
 41553 | Vaults:5 | Identified the ring of Finality {Wiz Fly Will- Str+6}
 41583 | Vaults:5 | Learned a level 4 spell: Animate Dead
 41841 | Depths:1 | Entered Level 1 of the Depths
 42215 | Depths:2 | Lost mutation: You possess an exceptional clarity of mind.
                  | [potion of mutation]
 42215 | Depths:2 | Lost mutation: You occasionally lose the ability to read
                  | scrolls when taking damage. [potion of mutation]
 42215 | Depths:2 | Gained mutation: You are frail. (-10% HP) [potion of
                  | mutation]
 42215 | Depths:2 | Gained mutation: You are dopey. (Int -2) [potion of
                  | mutation]
 42215 | Depths:2 | Gained mutation: You have a pair of small horns on your
                  | head. [potion of mutation]
 42215 | Depths:2 | Gained mutation: Your spells are a little harder to cast,
                  | but a little more powerful. [potion of mutation]
 42423 | Depths:2 | Found a one-way gate leading to the halls of Pandemonium.
 42565 | Depths:4 | Entered Level 4 of the Depths
 42598 | Depths:4 | Reached skill level 21 in Fighting
 42598 | Depths:4 | Reached XP level 22. HP: 69/108 MP: 28/32
 42620 | Depths:4 | Found a magical portal.
 42631 | WizLab   | Entered Iskenderun's Mystic Tower
 42899 | WizLab   | HP: 27/108 [disintegration (81)]
 43076 | WizLab   | HP: 17/108 [disintegration (91)]
 43361 | WizLab   | You pick up a book of Alchemy and begin reading...
 43361 | WizLab   | You add the spells Alistair's Intoxication, Borgnjor's Vile
                  | Clutch and Eringya's Noxious Bog to your library.
 43361 | WizLab   | Got the Handbook of Transformed Doom
 43374 | WizLab   | Identified a +1 robe of the Archmagi
 43388 | WizLab   | You add the spells Shock, Static Discharge and Spellforged
                  | Servitor to your library.
 43388 | WizLab   | Got Iskenderun's Atlas of Percussion
 43388 | WizLab   | Got Iskenderun's Anthology of Confrontation
 43388 | WizLab   | You pick up a book of Flames and begin reading...
 43468 | Depths:4 | Reached skill level 19 in Ranged Weapons
 43551 | Depths:4 | Found a gate to the Realm of Zot.
 43614 | Depths:4 | Lost mutation: Your spells are a little harder to cast, but
                  | a little more powerful. [potion of mutation]
 43614 | Depths:4 | Lost mutation: You have a pair of small horns on your head.
                  | [potion of mutation]
 43614 | Depths:4 | Lost mutation: You are frail. (-10% HP) [potion of
                  | mutation]
 43614 | Depths:4 | Gained mutation: You are very dopey. (Int -4) [potion of
                  | mutation]
 43614 | Depths:4 | Gained mutation: You passively dampen the noise of your
                  | surroundings. [potion of mutation]
 43651 | Zot:1    | Entered Level 1 of the Realm of Zot
 44049 | Zot:1    | Reached skill level 20 in Ranged Weapons
 44380 | Zot:1    | HP: 30/121 [yellow draconian knight/glob of acid (29)]
 44676 | Zot:1    | Reached skill level 21 in Ranged Weapons
 45170 | Zot:2    | Noticed a golden dragon
 45182 | Zot:2    | Killed a golden dragon
 45182 | Zot:2    | Identified +0 gold dragon scales
 45891 | Zot:3    | Reached XP level 23. HP: 103/126 MP: 33/33
 46040 | Zot:5    | Entered Level 5 of the Realm of Zot
 46142 | Zot:5    | Reached skill level 22 in Ranged Weapons
 46630 | Zot:5    | You pick up a book of Callings and begin reading...
 46630 | Zot:5    | You add the spells Summon Small Mammal, Call Canine
                  | Familiar and Summon Guardian Golem to your library.
 46765 | Zot:5    | Noticed an orb of fire
 46765 | Zot:5    | Noticed an orb of fire
 46787 | Zot:5    | Killed an orb of fire
 46888 | Zot:5    | Noticed a curse toe
 46907 | Zot:5    | Killed a curse toe
 46956 | Zot:5    | Noticed an electric golem
 46969 | Zot:5    | Killed an orb of fire
 46970 | Zot:5    | Reached skill level 23 in Ranged Weapons
 46970 | Zot:5    | Noticed an orb of fire
 47001 | Zot:5    | Killed an orb of fire
 47075 | Zot:5    | Killed an electric golem
 47106 | Zot:5    | Noticed a Killer Klown
 47122 | Zot:5    | Killed a Killer Klown
 47362 | Zot:5    | Noticed an orb of fire
 47375 | Zot:5    | Killed an orb of fire
 47376 | Zot:5    | Noticed an orb of fire
 47377 | Zot:5    | Noticed a Killer Klown
 47387 | Zot:5    | Killed an orb of fire
 47388 | Zot:5    | Reached skill level 24 in Ranged Weapons
 47393 | Zot:5    | Killed a Killer Klown
 47407 | Zot:5    | Noticed a dread lich
 47410 | Zot:5    | Noticed an electric golem
 47414 | Zot:5    | Killed a dread lich
 47423 | Zot:5    | Killed an electric golem
 47473 | Zot:5    | Got the Orb of Zot
 48129 | D:4      | Noticed Ichagouf the pandemonium lord
 48217 | D:$      | Escaped with the Orb!

Vanquished Creatures
  A dread lich (Zot:5)
  4 orbs of fire (Zot:5)
  Bai Suzhen (Vaults:4)
  2 Killer Klowns (Zot:5)
  A curse toe (Zot:5)
  Nikola (Shoals:1)
  Arachne (Spider:4)
  2 golden dragons
  An electric golem (Zot:5)
  2 tentacled monstrosities (Zot:1)
  17 Orb Guardians
  2 acid blobs (Zot:1)
  2 titans
  Polyphemus (Shoals:2)
  A sphinx (Depths:1)
  3 tengu reavers (Vaults:5)
  3 death cobs
  5 shadow dragons
  3 storm dragons
  Kirke (Spider:3)
  3 draconian knights
  Agnes (D:14)
  Donald (Spider:4)
  3 fire giants
  A draconian monk (Zot:5)
  4 draconian scorchers
  An emperor scorpion (Spider:4)
  3 frost giants
  An iron dragon (Vaults:5)
  4 ghost moths
  4 draconian shifters
  2 orc warlords (Orc:2)
  14 vault wardens
  A broodmother (Spider:1)
  A war gargoyle (Vaults:5)
  3 draconian stormcallers
  4 formless jellyfish
  5 draconian annihilators
  3 green draconians
  17 ironbound preservers
  3 stone giants
  9 ironbound thunderhulks
  5 very ugly things
  A vampire knight (Depths:2)
  7 black draconians
  A deep elf demonologist (Vaults:5)
  11 yellow draconians
  7 red draconians
  9 purple draconians
  A white draconian (Zot:4)
  A spark wasp (Spider:4)
  A deep elf annihilator (Vaults:4)
  21 dire elephants
  8 statues (WizLab)
  12 ettins
  A deep elf death mage (Vaults:2)
  4 merfolk javelineers (Shoals:4)
  4 merfolk impalers
  2 fire dragons
  5 entropy weavers
  13 yaktaur captains
  4 great orbs of eyes
  3 hydras
  2 alligator snapping turtles (Shoals:4)
  7 ice dragons
  20 vault guards
  An ogre mage (D:15)
  14 ironbound frosthearts
  3 jorogumos
  A radroach (shapeshifter) (Vaults:5)
  2 catoblepae
  2 merfolk avatars (Shoals:2)
  4 satyrs (Shoals:4)
  8 two-headed ogres
  4 radroaches
  2 merfolk aquamancers (Shoals:4)
  5 centaur warriors
  2 boulder beetles
  2 deep troll shamans (Depths:3)
  5 death yaks
  A deep troll earth mage (Depths:1)
  2 thrashing horrors (Lair:5)
  2 tengu warriors
  3 orc high priests (Orc:2)
  A sun demon (Depths:1)
  A fire crab (D:8)
  A skeletal warrior (D:15)
  3 skysharks
  8 pharaoh ants
  2 sun moths (Spider:2)
  Lodul (D:10)
  9 sea snakes
  6 orb spiders
  4 iron trolls
  3 phantasmal warriors (Vaults:5)
  3 flayed ghosts
  6 steelbarb worms
  14 lindwurms
  15 ironbound convokers
  2 glowing orange brains
  19 harpies
  7 orc knights
  49 deep trolls
  An orange crystal statue (IceCv)
  3 deep elf pyromancers
  3 necromancers
  6 wizards
  16 ugly things
  5 orc sorcerers
  16 wolf spiders
  14 manticores
  2 oklob plants (Zot:1)
  An iron dragon zombie (D:15)
  A cyclops (shapeshifter) (Lair:5)
  A frost giant skeleton (Vaults:2)
  19 elephants
  4 cyclopes
  A faun (shapeshifter) (Vaults:5)
  17 fauns
  14 moths of wrath
  Maurice (Orc:1)
  3 demonic crawlers
  7 merfolk sirens
  A black mamba (Lair:5)
  3 torpor snails
  A black mamba (shapeshifter) (Lair:5)
  11 cane toads
  13 vault sentinels
  2 water nymphs (Shoals:4)
  3 gargoyles
  A spriggan zombie (D:15)
  2 komodo dragons
  3 freezing wraiths
  10 rime drakes
  11 tengu conjurers (WizLab)
  An efreet (Zot:4)
  21 yaktaurs
  3 ancient zymes (Lair:5)
  13 merfolk
  9 trolls
  11 polar bears (IceCv)
  4 hornets (Spider:4)
  4 meliai
  7 wind drakes
  29 tarantellas
  A large abomination (Lair:5)
  9 snapping turtles
  3 dream sheep (Lair:5)
  14 blink frogs
  24 jumping spiders
  28 slime creatures
  2 shadows
  20 culicivoras
  5 wraiths
  A vampire (D:10)
  3 wyverns
  2 ynoxinuls (Lair:5)
  5 basilisks
  8 water elementals
  Eustachio (D:4)
  27 yaks
  2 hogs (Spider:3)
  14 humans (D:13)
  5 fire elementals (Zot:4)
  4 steam dragons
  47 redbacks
  3 vampire mosquitoes (D:12)
  Edmund (D:4)
  4 wargs
  Menkaure (D:5)
  An acid dragon (D:11)
  14 water moccasins
  Duvessa (D:6)
  3 black bears
  3 ice beasts
  2 human zombies (Vaults:2)
  25 orc warriors
  The ghost of GrimJard the Poker, an amateur GnRe (D:3)
  15 ogres
  17 wolves
  7 centaurs
  3 kobold brigands
  10 bullfrogs
  6 scorpions
  A human skeleton (Vaults:2)
  15 wights
  8 small abominations (Lair:5)
  6 killer bees
  9 electric eels
  8 howler monkeys
  16 orc priests
  2 gnoll boudas
  6 hounds
  2 iguanas
  21 jellies
  2 sleepcaps
  Natasha (D:3)
  14 orc wizards
  5 ogre zombies (D:10)
  10 adders
  14 gnolls
  A shadow imp (D:6)
  3 worms
  3 dart slugs
  74 orcs
  7 bats
  13 endoplasms
  3 giant cockroaches
  14 goblins
  10 hobgoblins
  A quokka (D:2)
  11 ball pythons
  2 frilled lizards
  A goblin zombie (D:10)
  3 hobgoblin zombies (D:10)
  17 kobolds
  An orc skeleton (D:10)
  14 orc zombies (D:10)
  7 rats
1474 creatures vanquished.

Vanquished Creatures (collateral kills)
  An orb of fire (Zot:5)
  An electric golem (Zot:5)
  4 tentacled monstrosities
  7 Orb Guardians (Zot:5)
  A lich (Vaults:5)
  4 acid blobs (Zot:1)
  A quicksilver dragon (Vaults:3)
  2 titans (Vaults:5)
  A death cob (Zot:4)
  2 shadow dragons
  A tengu reaver (Vaults:5)
  A sphinx (Vaults:5)
  A storm dragon (Vaults:4)
  Ilsuiw (Shoals:2)
  3 draconian monks
  A fire giant (Depths:4)
  3 ghost moths
  2 draconian shifters
  9 vault wardens
  2 draconian scorchers
  An emperor scorpion (Spider:4)
  2 draconian annihilators
  2 draconian stormcallers (Zot:1)
  5 ironbound preservers
  4 ironbound thunderhulks
  3 stone giants
  A formless jellyfish (Vaults:4)
  A black draconian (Zot:5)
  3 green draconians (Zot:1)
  2 red draconians
  2 white draconians
  6 yellow draconians
  2 dire elephants (Vaults:2)
  2 ettins (Vaults:5)
  7 purple draconians
  An eidolon (Vaults:2)
  7 yaktaur captains
  2 merfolk javelineers
  A fire dragon (Depths:4)
  3 merfolk impalers
  A statue (WizLab)
  A crystal guardian (Vaults:4)
  Josephine (Orc:1)
  2 great orbs of eyes
  2 entropy weavers
  A peacekeeper (Vaults:4)
  2 ice dragons (Depths:4)
  10 vault guards
  4 ironbound frosthearts
  A jorogumo (Spider:2)
  A radroach (Spider:2)
  A two-headed ogre (D:15)
  A centaur warrior (Vaults:1)
  A death yak (Lair:3)
  An orc high priest (Orc:2)
  A vampire mage (Vaults:2)
  Urug (D:14)
  An iron troll (Depths:1)
  2 pharaoh ants
  19 deep trolls
  A skeletal warrior (D:15)
  A sun moth (Spider:3)
  2 sea snakes
  An orb spider (Spider:2)
  A tengu zombie (D:15)
  A deep elf archer (Orc:2)
  2 orc knights
  4 steelbarb worms
  5 ironbound convokers
  3 harpies
  A necromancer (Vaults:2)
  4 lindwurms
  2 wizards
  A deep elf pyromancer (D:13)
  8 ugly things
  A deep elf zephyrmancer (Orc:2)
  A manticore (Shoals:4)
  4 fauns
  An iron dragon zombie (D:15)
  5 wolf spiders
  3 human skeletons (Vaults:2)
  2 orc sorcerers (Orc:2)
  4 moths of wrath
  A large abomination (Lair:5)
  A black mamba (Lair:5)
  4 merfolk sirens
  A black mamba (shapeshifter) (Vaults:5)
  4 elephants
  2 demonic crawlers
  3 vault sentinels
  A smoke demon (Lair:5)
  A cane toad (Lair:5)
  2 torpor snails
  A gargoyle (D:12)
  A water nymph (shapeshifter) (Vaults:5)
  3 tengu conjurers (WizLab)
  10 yaktaurs
  2 meliai
  2 merfolk
  A merfolk (shapeshifter) (Vaults:5)
  2 polar bears
  7 wind drakes
  5 tarantellas
  5 snapping turtles
  4 dream sheep (Lair:5)
  6 blink frogs (Lair:5)
  An ettin zombie (Vaults:2)
  A jumping spider (Spider:4)
  4 wraiths
  A jumping spider (shapeshifter) (Vaults:5)
  A water elemental (Shoals:4)
  7 culicivoras
  5 hogs (Spider:3)
  6 slime creatures
  2 chaos spawn (Lair:5)
  A steam dragon (Shoals:3)
  15 yaks
  2 fire elementals (Zot:4)
  2 humans (D:13)
  9 redbacks
  A warg (D:10)
  2 black bears
  7 orc warriors
  2 ogres
  5 wolves
  A phantom (D:10)
  3 jellies (Zot:1)
  2 orc priests
  4 orc wizards
  An ogre zombie (D:10)
  8 orcs
379 creatures vanquished.

Vanquished Creatures (others)
  A stone giant (Vaults:5)
  2 yaktaur captains
  A moth of wrath (Zot:1)
  A tengu conjurer (WizLab)
  A howler monkey (D:8)
  5 ancestors
  42 knights
  15 tentacles (Shoals:4)
68 creatures vanquished.

Grand Total: 1921 creatures vanquished

Table legend:
 A = Non-vault XP
 B = Vault XP
 C = Vault XP percentage of total XP
 D = Non-vault monster count
 E = Vault monster count
 F = Vault count percentage of total count
                 A         B        C        D         E       F
            +---------+---------+-------+---------+---------+-------
      Total |  499967 |  458271 |  47.8 |    1143 |     715 |  38.5
            +---------+---------+-------+---------+---------+-------
        D:1 |      42 |       0 |   0.0 |      25 |       0 |   0.0
        D:2 |      55 |       0 |   0.0 |      15 |       0 |   0.0
        D:3 |     186 |     209 |  52.9 |      22 |       7 |  24.1
        D:4 |     634 |     554 |  46.6 |      36 |       8 |  18.2
        D:5 |     528 |     165 |  23.8 |      12 |       1 |   7.7
        D:6 |     741 |     147 |  16.6 |      16 |       2 |  11.1
        D:7 |    1844 |     100 |   5.1 |      23 |       1 |   4.2
        D:8 |    1284 |     771 |  37.5 |      24 |       1 |   4.0
        D:9 |    2766 |     362 |  11.6 |      17 |       6 |  26.1
       D:10 |    2363 |    2160 |  47.8 |      18 |      39 |  68.4
       D:11 |    1842 |       0 |   0.0 |       8 |       0 |   0.0
       D:12 |    4251 |       0 |   0.0 |      18 |       0 |   0.0
       D:13 |    5780 |    5446 |  48.5 |      24 |      21 |  46.7
       D:14 |    6128 |    3929 |  39.1 |      11 |       5 |  31.2
       D:15 |   10825 |    4957 |  31.4 |      24 |       8 |  25.0
     Lair:1 |    7756 |    1357 |  14.9 |      34 |      10 |  22.7
     Lair:2 |    4995 |    1718 |  25.6 |      19 |       8 |  29.6
     Lair:3 |    3980 |    1812 |  31.3 |      23 |       3 |  11.5
     Lair:4 |    6746 |       0 |   0.0 |      20 |       0 |   0.0
     Lair:5 |   14733 |   10493 |  41.6 |      45 |      44 |  49.4
   Shoals:1 |   12403 |    2522 |  16.9 |      25 |       1 |   3.8
   Shoals:2 |    8104 |   14970 |  64.9 |      17 |      23 |  57.5
   Shoals:3 |   17057 |    2429 |  12.5 |      33 |       9 |  21.4
   Shoals:4 |   17727 |   13168 |  42.6 |      34 |      21 |  38.2
   Spider:1 |   19152 |       0 |   0.0 |      46 |       0 |   0.0
   Spider:2 |   25376 |     289 |   1.1 |      61 |       1 |   1.6
   Spider:3 |    9485 |    3875 |  29.0 |      27 |      13 |  32.5
   Spider:4 |   22272 |   20877 |  48.4 |      53 |      41 |  43.6
      Orc:1 |    1332 |    2404 |  64.3 |      29 |       7 |  19.4
      Orc:2 |    2977 |   15618 |  84.0 |      36 |      40 |  52.6
   Vaults:1 |   44789 |   18745 |  29.5 |      63 |      28 |  30.8
   Vaults:2 |   41295 |   23633 |  36.4 |      65 |      36 |  35.6
   Vaults:3 |   36987 |   24801 |  40.1 |      52 |      32 |  38.1
   Vaults:4 |   30037 |   15460 |  34.0 |      39 |      15 |  27.8
   Vaults:5 |   13490 |   80296 |  85.6 |      16 |      81 |  83.5
   Depths:1 |   15897 |     782 |   4.7 |      18 |       1 |   5.3
   Depths:2 |    1047 |    1088 |  51.0 |       1 |       1 |  50.0
   Depths:3 |       0 |    8486 | 100.0 |       0 |      10 | 100.0
   Depths:4 |    7989 |   13222 |  62.3 |       8 |      12 |  60.0
      Zot:1 |   46351 |   28145 |  37.8 |      43 |      43 |  50.0
      Zot:2 |   11392 |       0 |   0.0 |       9 |       0 |   0.0
      Zot:3 |    5531 |       0 |   0.0 |       5 |       0 |   0.0
      Zot:4 |    4454 |    1720 |  27.9 |       4 |       8 |  66.7
      Zot:5 |   27344 |   79372 |  74.4 |      25 |      34 |  57.6
     Bailey |       0 |    2149 | 100.0 |       0 |      18 | 100.0
      IceCv |       0 |   22561 | 100.0 |       0 |      38 | 100.0
     WizLab |       0 |   27479 | 100.0 |       0 |      38 | 100.0
            +---------+---------+-------+---------+---------+-------

Skill      XL: |  1  2  3  4  5  6  7  8  9 10 11 12 13 14 15 16 17 18 19 20 21 22 23 |
---------------+----------------------------------------------------------------------+-----
Ranged Weapons | 5 6 7 8 10 11 14 15 16 17 18 21 24 | 24.4
Fighting       | 2 4 7 9 10 13 14 16 18 21 | 21.0
Dodging        | 3 7 11 14 16 19 21 | 21.0
Evocations     | 7 10 13 17 21 | 21.2
Invocations    | 8 |  8.0
Armour         | 4 6 |  6.0
Stealth        | 13 14 | 14.1
Spellcasting   | 6 |  6.1
Transmutations | 6 |  6.7

Action                     |  1- 3 |  4- 6 |  7- 9 | 10-12 | 13-15 | 16-18 | 19-21 | 22-24 || total
---------------------------+-------+-------+-------+-------+-------+-------+-------+-------++-------
   Fire: Shortbow          |   103 |   171 |   463 |   217 |       |       |       |       ||   954
         Orcbow            |       |       |       |   816 |  1948 |  2087 |  1926 |  1135 ||  7912
   Cast: Wereblood         |       |       |       |       |       |       |     9 |       ||     9
 Invoke: Recall Ancestor   |       |       |       |    23 |    28 |    29 |    24 |    28 ||   132
         Ancestor Identity |       |       |       |     1 |       |       |       |       ||     1
         Ancestor Life: Kn |       |       |       |     1 |       |       |       |       ||     1
         Idealise          |       |       |       |       |       |     8 |    15 |    13 ||    36
  Evoke: Wand              |       |     4 |    11 |     4 |    17 |    22 |       |     9 ||    67
         Tin of tremorston |       |       |       |     3 |     3 |     8 |     4 |     1 ||    19
         Box of beasts     |       |       |       |       |     2 |     2 |     2 |     1 ||     7
         Lightning rod     |       |       |       |       |       |     4 |     6 |       ||    10
         Phial of floods   |       |       |       |       |       |     1 |       |       ||     1
         Phantom mirror    |       |       |       |       |       |       |     2 |     1 ||     3
    Use: Scroll            |       |     5 |    11 |     8 |    13 |     9 |     7 |     7 ||    60
         Potion            |       |       |     1 |       |     1 |     7 |     6 |    16 ||    31
 Armour: Robe              |     1 |     8 |     8 |       |       |       |       |       ||    17
         Steam dragon scal |       |       |       |     8 |       |       |       |       ||     8
         Troll leather arm |       |       |       |    16 |    50 |   125 |    61 |    17 ||   269
  Dodge: Dodged            |    27 |    42 |   106 |   186 |   599 |   995 |   731 |   375 ||  3061
  Block: Other             |       |       |       |       |    25 |    25 |       |       ||    50
         Reflection        |       |       |       |       |     7 |     2 |       |       ||     9

Illustrated notes

Table legend:
 A = Kills in this place as a percentage of kills in the entire game.
 B = Kills by you in this place as a percentage of kills by you in the entire game.
 C = Kills by friends in this place as a percentage of kills by friends in the entire game.
 D = Other kills in this place as a percentage of other kills in the entire game.
 E = Experience gained in this place as a percentage of experience gained in the entire game.
 F = Experience gained in this place divided by the number of levels of this place that you have seen.
                   A       B       C       D       E      F
               +-------+-------+-------+-------+-------+----------------------
         Total | 100.0 | 100.0 | 100.0 | 100.0 | 100.0 | 19997.5
       Dungeon |  21.1 |  25.1 |   5.5 |  16.7 |   6.0 | 3871.3
          Lair |  11.1 |  11.0 |  11.6 |   0.0 |   5.6 | 10718.0
        Shoals |   8.8 |   8.8 |   9.0 |   0.0 |   9.2 | 22095.0
   Spider Nest |  13.0 |  12.9 |  13.7 |   0.0 |  10.6 | 25331.5
  Orcish Mines |   6.0 |   5.9 |   6.6 |   0.0 |   2.3 | 11165.5
        Vaults |  23.0 |  20.2 |  33.2 |  50.0 |  34.3 | 65906.6
        Depths |   2.7 |   2.8 |   2.6 |   0.0 |   5.1 | 12127.8
           Zot |   9.3 |   8.1 |  13.7 |  16.7 |  21.5 | 41190.6
        Bailey |   1.0 |   1.1 |   0.5 |   0.0 |   0.2 | 2149.0
      Ice Cave |   2.0 |   2.4 |   0.8 |   0.0 |   2.4 | 22561.0
        Wizlab |   2.0 |   1.8 |   2.6 |  16.7 |   2.9 | 27479.0
               +-------+-------+-------+-------+-------+----------------------

Table legend: (Time is in decaauts)
 A = Elapsed time spent in this place.
 B = Non-inter-level travel time spent in this place.
 C = Inter-level travel time spent in this place.
 D = Time resting spent in this place.
 E = Time spent auto-exploring this place.
 F = Levels seen in this place.
 G = Mean time per level.
                   A        B        C        D        E       F      G
               +--------+--------+--------+--------+--------+-----+--------+
         Total |  33259 |  29868 |   3391 |   3076 |  15179 |  48 |  692.9 |
       Dungeon |  10370 |   8658 |   1712 |    913 |   5212 |  15 |  691.3 |
        Temple |     30 |     22 |      8 |      0 |     14 |   1 |   30.0 |
          Lair |   4113 |   3745 |    368 |     93 |   2391 |   5 |  822.6 |
        Shoals |   3231 |   3074 |    157 |    351 |   1390 |   4 |  807.8 |
   Spider Nest |   3505 |   3331 |    174 |    317 |   2067 |   4 |  876.2 |
  Orcish Mines |   1677 |   1480 |    197 |    155 |    695 |   2 |  838.5 |
        Vaults |   5201 |   4705 |    496 |    256 |   2157 |   5 | 1040.2 |
        Depths |    775 |    648 |    127 |     24 |    197 |   4 |  193.8 |
           Zot |   2826 |   2677 |    149 |    502 |    796 |   5 |  565.2 |
        Bailey |    190 |    190 |      0 |     15 |     51 |   1 |  190.0 |
      Ice Cave |    665 |    665 |      0 |    188 |    167 |   1 |  665.0 |
        Wizlab |    668 |    668 |      0 |    257 |     37 |   1 |  668.0 |
               +--------+--------+--------+--------+--------+-----+--------+

Top non-repeatable levels by time:
Spider:4: 1428 daAuts
  Lair:5: 1273 daAuts
Vaults:1: 1122 daAuts
   Orc:2: 1112 daAuts
Vaults:4: 1092 daAuts
   Zot:1: 1079 daAuts
Shoals:4: 1058 daAuts
   Zot:5: 1052 daAuts
Vaults:2: 1047 daAuts
Vaults:3: 991 daAuts
Spider:1: 985 daAuts
     D:4: 967 daAuts
Vaults:5: 947 daAuts
     D:3: 945 daAuts
  Lair:1: 940 daAuts
